 Dungeon Crawl Stone Soup version 0.19.0-22-gd96e5fe (webtiles) character file.

960 Haldmier the Basher (level 8, -3/46 HPs)
             Began as a Tengu Abyssal Knight on Nov 18, 2016.
             Was a Priest of Lugonu.
             Killed by divine providence
             ... invoked by an orc priest
              (13 damage)
             ... on level 6 of the Dungeon.
             The game lasted 00:24:57 (6466 turns).

Haldmier the Basher (Tengu Abyssal Knight)          Turns: 6466, Time: 00:24:58

Health: -3/46      AC: 11    Str: 15    XL:     8   Next: 14%
Magic:  10/10      EV:  9    Int: 13    God:    Lugonu [***...]
Gold:   187        SH:  0    Dex: 15    Spells: 0 memorised, 7 levels left

rFire  . . .     SeeInvis .     a - +3 flail (pain)
rCold  . . .     Gourm    .     l - +4 scale mail {rPois}
rNeg   . . .     Faith    .     (no shield)
rPois  +         Spirit   .     (helmet restricted)
rElec  .         Reflect  .     r - +0 cloak (curse)
rCorr  .         Harm     .     (no gloves)
MR     .....                    (boots unavailable)
Stlth  ..........               (no amulet)
                                (no ring)
                                g - +2 ring of dexterity

@: no status effects
A: beak, talons 3, able to fly 1
a: Fly, Depart the Abyss, Bend Space, Banish, Renounce Religion


You were on level 6 of the Dungeon.
You worshipped Lugonu.
Lugonu was most pleased with you.
You were not hungry.

You visited 1 branch of the dungeon, and saw 6 of its levels.
You visited the Abyss 1 time.

You collected 187 gold pieces.

Inventory:

Hand Weapons
 a - a +3 flail of pain (weapon)
 b - a +0 shortbow of freezing
 k - a +1 mace
 q - a +0 hunting sling
Missiles
 f - 129 stones (quivered)
 h - 83 sling bullets
 E - 25 arrows
Armour
 l - a +4 scale mail of poison resistance (worn)
 r - a cursed +0 cloak (worn)
 A - a cursed +0 leather armour
Jewellery
 g - a +2 ring of dexterity (left hand)
Scrolls
 e - a scroll of enchant armour {unknown}
 i - 2 scrolls of enchant weapon {unknown}
 p - a scroll of random uselessness {unknown}
 s - 2 scrolls of blinking {unknown}
 t - a scroll of teleportation {unknown}
 u - a scroll of remove curse {unknown}
 v - 2 scrolls of noise {unknown}
 x - 2 scrolls of identify
 y - a scroll of amnesia {unknown}
 B - 2 scrolls of vulnerability {unknown}
 C - a scroll of fear {unknown}
 D - a scroll of fog {unknown}
Potions
 d - a potion of resistance
 j - a potion of flight
 o - a potion of curing {unknown}
 z - a potion of mutation {unknown}
Comestibles
 c - 4 bread rations
 m - 2 meat rations
 n - 3 beef jerkies


   Skills:
 - Level 3.0 Fighting
 + Level 10.1 Maces & Flails
 - Level 2.1 Armour
 - Level 1.1 Dodging
 - Level 1.5 Invocations


You had 7 spell levels left.
You didn't know any spells.

Dungeon Overview and Level Annotations

Branches:
Dungeon (6/15)
 Temple: D:4-7

Altars:
Ashenzari

Shops:
D:4 }

Annotations:
D:3 Vajrapani's ghost, amateur KoFi


Innate Abilities, Weirdness & Mutations

You have a beak for a mouth.
You have claws for feet.
You can fly.


Message History

Pain shoots through your body! The orc wizard hits you with a dagger.
An orc comes into view. It is wielding a dagger.
The orc cheers to no one in particular.
There is a stone staircase leading up here.
You closely miss the orc wizard.
You claw the orc wizard, but do no damage.
You peck the orc wizard.
The orc wizard is lightly wounded.
The orc wizard hits you but does no damage.
You hit the orc wizard.
The orc wizard is lightly wounded.
The orc priest invokes the aid of Beogh against you.
Beogh smites you! The orc wizard casts a spell at you.
The puff of flame hits you!
* * * LOW HITPOINT WARNING * * *
You hear a shout!
The orc priest mumbles some strange prayers to Beogh against you.
Beogh smites you!
You die...

##+### ##....##
#....... #
#...... ..
#.....# ...
+.....# ....
#..$.# .....
/.##..@.##......
...>..^ooo.......
........S........
..........o......
...##....##......
.. ###### ......
. ...... o!...
.oo..


You could see an orc priest, an orc wizard, an adder and 2 orcs.

Vanquished Creatures
  A sky beast (D:5)
  A phantom (D:4)
  A centaur (D:5)
  Blork the orc (D:4)
  A scorpion (D:5)
  A hound (D:4)
  An orc priest (D:4)
  5 orc wizards (D:4)
  Terence (D:2)
  4 worker ants
  A hound skeleton (D:5)
  12 adders
  A gnoll (D:4)
  3 adder skeletons
  3 dart slugs
  3 leopard geckos
  17 orcs
  2 ball pythons (D:4)
  5 giant cockroaches
  4 goblins
  9 hobgoblins
  8 jackals
  A quokka (D:3)
  11 bats
  3 frilled lizards
  6 kobolds
  A leopard gecko skeleton (D:4)
  A quokka zombie (D:5)
  13 rats
121 creatures vanquished.

Vanquished Creatures (others)
  An orc wizard (D:4)
  2 starspawn tentacles (Abyss:1)
3 creatures vanquished.

Grand Total: 124 creatures vanquished

Notes
Turn   | Place    | Note
-------+----------+-------------------------------------------
     0 | Abyss:1  | Haldmier the Tengu Abyssal Knight began the quest for the Orb.
     0 | Abyss:1  | Reached XP level 1. HP: 14/14 MP: 3/3
    68 | Abyss:1  | Noticed a tentacled starspawn
    75 | D:1      | Escaped the Abyss
   201 | D:1      | Reached * piety under Lugonu
   201 | D:1      | Reached skill level 3 in Maces & Flails
   201 | D:1      | Reached XP level 2. HP: 16/19 MP: 4/4
   775 | D:1      | Reached XP level 3. HP: 21/23 MP: 5/5
  1067 | D:2      | Reached skill level 4 in Maces & Flails
  1149 | D:2      | Noticed Terence
  1676 | D:3      | Reached XP level 4. HP: 28/28 MP: 6/6
  1734 | D:3      | Reached ** piety under Lugonu
  1912 | D:3      | Reached skill level 5 in Maces & Flails
  1980 | D:3      | Noticed Vajrapani's ghost (amateur KoFi)
  2131 | D:2      | Killed Terence
  2469 | D:2      | Gained mutation: You can fly. [Tengu growth]
  2469 | D:2      | Reached XP level 5. HP: 30/32 MP: 7/7
  2549 | D:3      | HP: 1/32 [Vajrapani's ghost (5)]
  3399 | D:4      | Reached skill level 6 in Maces & Flails
  3517 | D:4      | Reached XP level 6. HP: 27/37 MP: 8/8
  3744 | D:4      | Found Byschoik's Gadget Emporium.
  3767 | D:4      | Reached skill level 7 in Maces & Flails
  4222 | D:4      | Noticed a phantom
  4246 | D:4      | Killed a phantom
  4246 | D:4      | Reached skill level 8 in Maces & Flails
  4246 | D:4      | Reached XP level 7. HP: 39/41 MP: 9/9
  4505 | D:4      | Noticed Blork the orc
  4525 | D:4      | Killed Blork the orc
  4825 | D:4      | Reached skill level 9 in Maces & Flails
  5077 | D:5      | Entered Level 5 of the Dungeon
  5142 | D:5      | Reached *** piety under Lugonu
  5567 | D:5      | Reached XP level 8. HP: 35/46 MP: 10/10
  5713 | D:5      | Found a shattered altar of Ashenzari.
  6087 | D:5      | Reached skill level 10 in Maces & Flails
  6466 | D:6      | Killed from afar by an orc priest

Skill      XL: |  1  2  3  4  5  6  7  8 |
---------------+-------------------------+-----
Maces & Flails | 3 4 5 6 8 9 10 | 10.1
Fighting       | |  3.0
Armour         | |  2.1
Dodging        | |  1.1
Invocations    | |  1.5

Action                   |  1- 3 |  4- 6 |  7- 9 || total
-------------------------+-------+-------+-------++-------
Melee: Mace              |    85 |    44 |       ||   129
       Kick              |    14 |    44 |    34 ||    92
       Peck              |    11 |    31 |    22 ||    64
       Flail             |       |   144 |    92 ||   236
Throw: Stone             |     1 |       |       ||     1
Invok: Depart the Abyss  |     1 |       |       ||     1
  Use: Scroll            |       |     4 |       ||     4
       Potion            |       |     1 |       ||     1
  Eat: Chunk             |     2 |     9 |     5 ||    16
       Royal jelly       |       |       |     1 ||     1
Armor: Leather armour    |    40 |    15 |       ||    55
       Scale mail        |       |    86 |    42 ||   128
Dodge: Dodged            |    62 |    81 |    34 ||   177
